Map: World of Sleepers LE

Players

pHARM

  • Race: Zerg Zerg
  • League: Platinum
  • Spawn Location: 1:00

Pluto - Winner!

  • Race: Protoss Protoss
  • League: Diamond
  • Spawn Location: 7:00

VOD

Have the link to the VOD?

Description

Time

  • Played on: Aug. 24, 2019, 10 p.m.
  • Length: 11:20
Show
View Real Time Build Order
Export as new Build Order

pHARM Zerg 

Build Orders: Hatch First 

Get SALT Encoding   

  12  0:01  Drone  
  13  0:13  Overlord  
  13  0:22  Drone  
  14  0:33  Drone x2  
  16  0:38  Drone  
  17  0:55  Hatchery  
  16  1:01  Drone x2  
  18  1:08  Drone  
  19  1:22  Spawning Pool  
  19  1:23  Drone  
  19  1:33  Drone  
  20  1:40  Drone  
  20  1:45  Extractor  
  20  1:55  Overlord  
  20  2:10  Drone x2, Queen x2  
  26  2:21  Drone  
  26  2:22  Drone  
  28  2:27  Drone  
  29  2:31  Drone  
  30  2:41  Drone x2  
  32  2:46  Queen  
  34  3:01  Drone  
  34  3:02  Drone  
  34  3:03  Overlord x2  
  36  3:14  Overlord  
  36  3:28  Drone  
  36  3:29  Drone x7  
  44  3:38  Hatchery  
  43  3:44  Extractor  
  43  3:45  Extractor  
  41  3:50  Drone x2  
  41  3:51  Drone  
  44  3:58  Drone x4  
  48  4:09  Evolution Chamber  
  47  4:11  Roach Warren  
  47  4:13  Evolution Chamber  
  45  4:23  Drone x5  
  50  4:26  Lair  
  50  4:31  Drone  
  50  4:32  Drone  
  50  4:33  Overlord x3  
  50  4:35  Zerg Missile Weapons Level 1  
  50  5:01  Spore Crawler  
  44  5:10  Drone x13  
  57  5:18  Spore Crawler  
  56  5:31  Roach  
  56  5:32  Roach x4  
  56  5:33  Overlord x2  
  66  5:51  Roach  
  66  5:52  Roach x6  
  78  6:00  Roach x2  
  78  6:02  Roach  
  80  6:06  Roach  
  78  6:11  Roach x3  
  78  6:16  Roach  
  80  6:26  Overlord x2  
  66  6:37  Overlord x2  
  66  6:43  Roach Warren, Queen x3  
  71  6:51  Zergling x20  
  67  7:01  Extractor  
  67  7:05  Hydralisk Den  
  63  7:10  Zergling x2  
  61  7:19  Queen  
  58  7:25  Zergling x2, Roach x2  
  58  7:26  Roach x5  
  71  7:33  Roach  
  71  7:36  Roach  
  75  7:38  Queen  
  77  7:45  Extractor  
  77  7:47  Extractor  
  69  7:53  Roach x3  
  69  7:55  Queen  
  71  8:16  Grooved Spines  
  71  8:33  Roach x2  
  75  8:42  Overlord x3, Hatchery  
  68  9:01  Roach  
  68  9:02  Roach x8  
  86  9:13  Hatchery  
  86  9:16  Infestation Pit  
  84  9:17  Spine Crawler  
  84  9:20  Spine Crawler  
  84  9:22  Spine Crawler  
  81  9:31  Muscular Augments  
  81  9:33  Roach x5  
  89  9:40  Hydralisk x4  
  89  9:41  Hydralisk  
  83  9:49  Hydralisk x2  
  69  9:54  Hydralisk  
  71  10:05  Hydralisk  
  71  10:06  Hydralisk  
  73  10:14  Hydralisk  
  73  10:16  Overlord x4  
  65  10:25  Hydralisk  
  61  10:33  Hydralisk x5  
Show
View Real Time Build Order
Export as new Build Order

Pluto Protoss - Winner!

Build Orders: 1 Gate Expand, Oracle Opening 

Get SALT Encoding   

  1  0:00  Probe  
  12  0:05  Probe  
  14  0:21  Pylon, Probe  
  15  0:39  Probe  
  15  0:40  Gateway  
  16  0:46  Assimilator  
  16  0:51  Probe  
  17  1:03  Probe  
  18  1:11  Probe  
  19  1:20  Probe  
  20  1:32  Cybernetics Core, Probe  
  21  1:44  Nexus  
  21  1:55  Pylon  
  21  2:01  Gateway  
  21  2:06  Probe  
  22  2:08  Assimilator  
  22  2:11  Warp Gate  
  22  2:19  Stalker  
  24  2:25  Pylon  
  24  2:28  Probe  
  25  2:42  Pylon  
  25  2:49  Sentry  
  27  2:51  Zealot  
  27  2:56  Probe x2  
  31  3:07  Stargate  
  31  3:08  Probe  
  31  3:11  Probe  
  33  3:18  Sentry  
  35  3:23  Zealot  
  37  3:31  Probe  
  37  3:32  Gateway  
  37  3:34  Probe  
  39  3:45  Oracle  
  41  4:07  Probe x2  
  43  4:11  Stalker x2  
  47  4:20  Gateway x2  
  47  4:22  Probe x2  
  49  4:27  Pylon  
  49  4:32  Phoenix  
  49  4:34  Probe  
  49  4:37  Sentry  
  54  4:41  Probe  
  54  4:42  Probe  
  55  4:45  Assimilator  
  55  4:50  Probe  
  57  5:08  Phoenix  
  57  5:10  Probe x2  
  57  5:13  Zealot  
  57  5:14  Zealot x2  
  67  5:22  Probe x2  
  69  5:37  Pylon  
  69  5:39  Pylon  
  69  6:01  Stalker x5  
  60  6:42  Zealot x5  
  66  6:49  Probe x2  
  66  6:53  Assimilator  
  64  7:01  Probe, Robotics Facility  
  63  7:02  Nexus  
  63  7:03  Pylon  
  63  7:04  Pylon, Robotics Facility  
  63  7:06  Pylon  
  63  7:09  Unknown  
  63  7:19  Zealot x2  
  63  7:20  Zealot x3  
  71  7:40  Immortal  
  71  7:41  Immortal  
  69  7:50  Pylon  
  69  7:51  Pylon  
  61  8:05  Zealot x5  
  61  8:13  Immortal  
  61  8:14  Immortal  
  69  8:31  Stalker  
  69  8:32  Stalker x4  
  77  8:42  Immortal  
  77  8:43  Warp Prism  
  75  8:56  Zealot x3  
  75  8:59  Sentry  
  75  9:00  Sentry  
  85  9:04  Probe  
  86  9:11  Probe x2  
  86  9:16  Observer, Probe  
  89  9:17  Forge  
  89  9:20  Forge  
  89  9:23  Sentry x3  
  96  9:24  Sentry  
  80  9:58  Zealot x4  
  80  9:59  Zealot  
  90  10:08  Probe x2  
  90  10:14  Gateway  
  90  10:15  Gateway  
  90  10:17  Gateway x2  
  90  10:19  Observer, Gateway  
  82  10:22  Gateway  
  82  10:36  Zealot x5  
  92  10:59  Zealot x3  
  92  11:00  Zealot  
Tags
 
Add a new tag
Caveats
  • Supply blocks, unpowered buildings, or Contaminate may cause inaccurate times.
  • Supply counts are checked every 10 seconds.